 Dungeon Crawl Stone Soup version 0.17-a0-1105-gbe8b664 (webtiles) character file.

2380 nubinia the Magician (level 9, -2/41 HPs)
             Began as a Spriggan Venom Mage on May 21, 2015.
             Splashed by a jelly's acid (13 damage)
             ... on level 7 of the Dungeon.
             The game lasted 00:46:09 (9892 turns).

nubinia the Magician (Spriggan Venom Mage)          Turns: 9892, Time: 00:46:09

Health: -2/41      AC: -7    Str:  4      XL:     9   Next: 22%
Magic:  16/20      EV: 21    Int: 18      God:
Gold:   372        SH:  0    Dex: 15 (18) Spells: 3 memorised, 16 levels left

rFire  . . .     SeeInvis +     a - +2 dagger (flame)
rCold  . . .     Clarity  .     x - +0 robe
rNeg   . . .     SustAb   .     (shield restricted)
rPois  .         Gourm    .     (helmet restricted)
rElec  .         Spirit   .     (no cloak)
rCorr  .         Warding  .     (gloves unavailable)
rMut   .         Stasis   .     (boots unavailable)
MR     +....                    (no amulet)
Stlth  ++++......               (no ring)
                                (no ring)

@: corroded equipment, very quick, somewhat resistant to hostile enchantments,
stealthy
A: unfitting armour, icy blue scales 1, see invisible, herbivore 3, speed 3,
slow metabolism 2, spit poison 1
a: Spit Poison


You were on level 7 of the Dungeon.
You were not hungry.

You visited 1 branch of the dungeon, and saw 7 of its levels.

You collected 372 gold pieces.

Inventory:

Hand weapons
 a - a +2 dagger of flaming (weapon)
 g - a +0 dagger
 j - a cursed -1 dagger
 u - a +0 rapier
Missiles
 h - 29 poisoned needles
 k - 112 stones (quivered)
 o - 88 sling bullets
Armour
 x - a +0 robe (worn)
Scrolls
 c - 2 scrolls of amnesia
 d - 2 scrolls of remove curse
 e - 2 scrolls of identify
 i - a scroll of teleportation
 m - a scroll of blinking
 y - 2 scrolls of enchant armour {unknown}
Potions
 f - a potion of agility
 l - 2 potions of cancellation
 p - a potion of ambrosia
 w - a potion of magic
 z - a potion of cure mutation
Books
 b - a Young Poisoner's Handbook

   Spells                             Type                      Level
   a - Sting                          Conjuration/Poison           1
   b - Cure Poison                    Poison                       2
   c - Mephitic Cloud                 Conjuration/Poison/Air       3
   d - Olgreb's Toxic Radiance        Poison                       4
   e - Venom Bolt                     Conjuration/Poison           5
Comestibles
 r - a royal jelly
 t - 3 bread rations


   Skills:
 + Level 1.5 Fighting
 + Level 2.1 Short Blades
 + Level 2.0 Throwing
 + Level 6.7 Dodging
 + Level 6.5 Stealth
 + Level 7.1 Spellcasting
 + Level 3.6 Conjurations
 * Level 4.7 Air Magic
 - Level 6.0 Poison Magic


You had 16 spell levels left.
You knew the following spells:

 Your Spells              Type           Power        Failure   Level  Hunger
a - Sting                 Conj/Pois      ###.         1%          1    None
b - Cure Poison           Pois           ####......   1%          2    None
c - Mephitic Cloud        Conj/Pois/Air  ###.....     4%          3    ##.....


Dungeon Overview and Level Annotations

Branches:
Dungeon (7/15)
 Temple: D:4-7

Altars:
Makhleb
Qazlal
Vehumet
Yredelemnul


Innate Abilities, Weirdness & Mutations

You are tiny and cannot use many weapons and most armour.
You have supernaturally acute eyesight.
You are a herbivore.
You cover ground extremely quickly.
You need consume almost no food.
You are partially covered in icy blue scales (AC +1).
You can spit weak poison.


Message History

You hit the jelly. You burn the jelly. The acid corrodes your equipment!
The jelly is almost dead.
The jelly misses you.
You hit the jelly but do no damage. The acid corrodes your equipment!
The jelly is almost dead.
The jelly hits you.
You are splashed with acid!
The acid burns!
You hit the jelly but do no damage.
The jelly is almost dead.
The jelly closely misses you.
You hit the jelly but do no damage.
The jelly is almost dead.
The jelly closely misses you.
You hit the jelly. You burn the jelly.
The jelly is almost dead.
You hit the jelly but do no damage.
The jelly is almost dead.
The jelly hits you.
* * * LOW HITPOINT WARNING * * *
You are splashed with acid!
The acid burns!
You die...

#...†#....
#.)..'....
#[..##....
##########...##.....
....?....'...)......
#......#...#######
#......#####
###...)..#######
.........@J......
####.............
#.......%.....
#.............
#.............
#####.........
#.........
#.........


You could see a jelly.

Vanquished Creatures
  Sigmund (D:6)
  Eustachio (D:4)
  3 ogres
  An ice beast (D:6)
  2 centaurs
  A phantom (D:7)
  2 giant frogs (D:6)
  2 scorpions
  6 orc priests
  A giant frog zombie (D:6)
  13 orc wizards
  A quasit (D:7)
  2 giant frog skeletons
  3 hounds
  A jelly (D:5)
  Terence (D:2)
  Natasha (twice) (D:3)
  4 iguanas
  3 worker ants
  A worker ant zombie (D:5)
  9 adders
  3 gnolls (D:4)
  A shadow imp (D:6)
  An adder zombie (D:5)
  An adder skeleton (D:5)
  2 worms (D:3)
  5 giant geckos
  23 orcs
  12 bats
  A bat skeleton (D:5)
  5 giant cockroaches
  11 hobgoblins
  3 ball pythons
  A giant gecko skeleton (D:5)
  5 giant newts
  15 goblins
  9 jackals
  7 kobolds
  4 quokkas
  A quokka skeleton (D:4)
  16 rats
186 creatures vanquished.

Notes
Turn   | Place    | Note
--------------------------------------------------------------
     0 | D:1      | nubinia the Spriggan Venom Mage began the quest for the Orb.
     0 | D:1      | Reached XP level 1. HP: 9/9 MP: 5/5
   304 | D:1      | Reached XP level 2. HP: 13/13 MP: 2/6
   308 | D:1      | Learned a level 2 spell: Cure Poison
  1390 | D:2      | Reached XP level 3. HP: 16/16 MP: 5/8
  1395 | D:2      | Learned a level 3 spell: Mephitic Cloud
  1855 | D:2      | Reached XP level 4. HP: 21/21 MP: 7/10
  2246 | D:2      | Noticed Terence
  2318 | D:2      | Killed Terence
  2318 | D:2      | Reached skill level 1 in Conjurations
  3217 | D:3      | Reached skill level 1 in Air Magic
  3281 | D:3      | Noticed Natasha
  3301 | D:3      | Killed Natasha
  3301 | D:3      | Reached XP level 5. HP: 24/24 MP: 6/12
  3570 | D:3      | Found a basalt altar of Yredelemnul.
  4137 | D:3      | Noticed Natasha
  4141 | D:3      | Killed Natasha
  4526 | D:4      | Reached XP level 6. HP: 28/28 MP: 8/14
  4575 | D:4      | Noticed a phantom
  4625 | D:4      | Noticed Eustachio
  4637 | D:5      | Entered Level 5 of the Dungeon
  5164 | D:4      | Found a burning altar of Makhleb.
  5320 | D:4      | Killed Eustachio
  5320 | D:4      | Reached skill level 5 in Spellcasting
  5320 | D:4      | Reached skill level 5 in Poison Magic
  5578 | D:5      | Reached XP level 7. HP: 25/32 MP: 15/15
  6195 | D:5      | Reached skill level 1 in Short Blades
  6260 | D:5      | Reached skill level 5 in Stealth
  6435 | D:6      | Reached skill level 1 in Fighting
  6809 | D:6      | Reached skill level 6 in Spellcasting
  6809 | D:6      | Reached XP level 8. HP: 37/37 MP: 11/18
  7086 | D:6      | Found a radiant altar of Vehumet.
  7098 | D:6      | Noticed Sigmund
  7105 | D:6      | Killed Sigmund
  7204 | D:6      | Reached skill level 5 in Dodging
  8322 | D:6      | Gained mutation: You are partially covered in icy blue scales (AC +1). [potion of mutation]
  8322 | D:6      | Gained mutation: You can spit weak poison. [potion of mutation]
  8566 | D:6      | Reached skill level 7 in Spellcasting
  8841 | D:6      | Reached skill level 1 in Throwing
  8841 | D:6      | Reached XP level 9. HP: 18/41 MP: 20/20
  9445 | D:6      | Found a stormy altar of Qazlal.
  9892 | D:7      | Splashed by a jelly's acid

Vault maps used:
D:1:      lightli_arrival_farm
D:2:      nrook_mini_vaults, minmay_vboxes, uniq_terence
D:3:      overflow_temple_1_default, minmay_cupped, uniq_natasha
D:4:      lemuel_coloured_pillars_altar, uniq_eustachio
D:5:      first_bread
D:6:      minmay_flawed_box, nicolae_overflow_crystal_walls, vehumet_crystals,
          uniq_sigmund
D:7:      minmay_temple_entry_overgrown

Action                   |  1- 3 |  4- 6 |  7- 9 || total
-------------------------+-------+-------+-------++-------
Melee: Dagger            |     8 |    67 |   180 ||   255
       Rapier            |       |    15 |    45 ||    60
Throw: Stone             |       |       |    39 ||    39
 Cast: Sting             |    79 |   158 |   196 ||   433
       Mephitic Cloud    |       |     3 |    23 ||    26
  Use: Scroll            |     5 |     2 |     5 ||    12
       Potion            |       |       |     5 ||     5
 Stab: Sleeping          |     3 |     2 |     4 ||     9
       Confused          |       |     2 |     8 ||    10
       Distracted        |       |       |     1 ||     1
  Eat: Bread ration      |       |     1 |       ||     1
       Pizza             |       |       |     1 ||     1
